 Dungeon Crawl Stone Soup version 0.27.1-3-gb3d3a73c9e (webtiles) character file.

Game seed: 5951576933385247026

7 Goreval the Caller (level 2, 0/19 HPs)
             Began as a Gnoll Wanderer on Oct 16, 2021.
             Slain by an adder (3 damage)
             ... on level 2 of the Dungeon.
             The game lasted 00:02:06 (804 turns).

Goreval the Caller (Gnoll Wanderer)                  Turns: 804, Time: 00:02:07

Health: 0/19       AC:  2    Str: 10    XL:     2   Next: 0%
Magic:  7/7        EV: 11    Int: 13    God:
Gold:   40         SH:  0    Dex: 10    Spells: 9/10 levels left

rFire    . . .     SeeInvis .   a - +0 dagger
rCold    . . .     Faith    .   (no shield)
rNeg     . . .     Spirit   .   i - +0 robe
rPois    .         Reflect  .   (no helmet)
rElec    .         Harm     .   (no cloak)
rCorr    .         Rampage  .   (no gloves)
Will     .....                  (no boots)
Stlth    +.........             (no amulet)
HPRegen  0.06/turn              (no ring)
MPRegen  0.10/turn              (no ring)

@: lethally poisoned (0 -> -5)
A: fangs 1, strong nose, distributed training
a: no special abilities


You were on level 2 of the Dungeon.
You visited 1 branch of the dungeon, and saw 2 of its levels.

You collected 40 gold pieces.

Inventory:

Hand Weapons
 a - a +0 dagger (weapon)
 b - a +0 hunting sling
Missiles
 d - 67 stones (quivered)
 e - 18 arrows
 f - 16 bolts
Armour
 i - a +0 robe (worn)
Wands
 c - a wand of charming (15)
Scrolls
 g - a scroll of fog {unknown}
 h - a scroll of identify {unknown}


   Skills:
 + Level 0.2 Fighting
 + Level 0.2 Short Blades
 + Level 0.2 Long Blades
 + Level 0.2 Axes
 + Level 0.2 Maces & Flails
 + Level 0.2 Polearms
 + Level 0.2 Staves
 + Level 0.2 Slings
 + Level 0.2 Bows
 + Level 0.2 Crossbows
 + Level 2.4 Throwing
 + Level 0.2 Armour
 + Level 0.2 Dodging
 + Level 0.2 Stealth
 + Level 0.2 Shields
 + Level 0.2 Unarmed Combat
 + Level 4.9 Spellcasting
 + Level 0.1 Conjurations
 + Level 0.1 Hexes
 + Level 5.3 Summonings
 + Level 0.1 Necromancy
 + Level 3.6 Translocations
 + Level 2.0 Transmutations
 + Level 0.1 Fire Magic
 + Level 0.1 Ice Magic
 + Level 0.1 Air Magic
 + Level 0.1 Earth Magic
 + Level 0.1 Poison Magic
 + Level 0.3 Invocations
 + Level 2.4 Evocations


You had 9 spell levels left.
You knew the following spells:

 Your Spells              Type           Power      Damage    Failure   Level
a - Magic Dart            Conj           12%        1d3       19%         1

Your spell library contained the following spells:

 Spells                   Type           Power      Damage    Failure   Level
 Freeze                   Ice            12%        1d4       19%         1
 Conjure Flame            Conj/Fire      3%         6-21      47%         3
 Ozocubu's Armour         Ice            3%         N/A       47%         3


Dungeon Overview and Level Annotations

Branches:
Dungeon (2/15)

Altars:


Innate Abilities, Weirdness & Mutations

You have very sharp teeth.
Your uncanny sense of smell can sniff out nearby items.
Your experience applies equally to all skills.


Message History

Okay, then.
Unknown command.
Unknown command.
Unknown command.
Unknown command.
Unknown command.
You see here a frilled lizard corpse.
Unknown command.
Unknown command.
Unknown command.
You hit the adder. The adder barely misses you. The adder misses you.
You hit the adder. Your bite misses the adder. The adder closely misses you.
You closely miss the adder. The adder bites you.
You miss the adder. The adder barely misses you. The adder bites you.
You hit the adder but do no damage. The adder misses you.
You hit the adder but do no damage. The adder completely misses you.
You closely miss the adder. The adder bites you.
You closely miss the adder. The adder barely misses you. x2
You hit the adder. The adder bites you.
You closely miss the adder. The adder bites you.
You are poisoned.
The adder poisons you!
You barely miss the adder.
You feel sick. The adder barely misses you. The adder completely misses you.
You barely miss the adder.
You feel sick. The adder barely misses you.
Unknown command.
You barely miss the adder.
You feel sick. The adder misses you.
You hit the adder.
You feel sick.
You are no longer poisoned.
The adder barely misses you. The adder bites you.
* * * LOW HITPOINT WARNING * * *
You barely miss the adder. The adder barely misses you.
You hit the adder. The adder bites you.
* * * LOW HITPOINT WARNING * * *
You are lethally poisoned!
The adder poisons you!
You closely miss the adder.
* * * LOW HITPOINT WARNING * * *
You feel sick. The adder bites you.
You die...

#..###. . #..
.....# .. #.#
#.##.# ... #.#
#.##.## .... #.#
#.....# .....
#.###...#.##......
#.##.......'......
#.###....###......
#<...@S..# .....
########.# ....
#.# ... #.# +# #.#
#.# #.#


You could see an adder.

Vanquished Creatures
  A goblin (D:1)
  A hobgoblin (D:1)
  3 bats (D:1)
  A frilled lizard (D:2)
  A kobold (D:1)
  A rat (D:1)
8 creatures vanquished.

Notes
Turn   | Place    | Note
-------+----------+-------------------------------------------
     0 | D:1      | Goreval the Gnoll Wanderer began the quest for the Orb.
     0 | D:1      | Goreval set off with the following items: a +0 club, a +0
                  | robe, a wand of charming (15); and the following spells
                  | available to memorise: Freeze, Magic Dart, Conjure Flame,
                  | Ozocubu's Armour
     0 | D:1      | Reached XP level 1. HP: 13/13 MP: 6/6
     2 | D:1      | Learned a level 1 spell: Magic Dart
   268 | D:1      | Found a faded altar of an unknown god.
   769 | D:2      | Reached XP level 2. HP: 19/19 MP: 7/7
   804 | D:2      | Slain by an adder

Illustrated notes

Levels and vault maps discovered:
D:1:      dpeg_arrival_arbitrary_a, layout_basic, ebering_ecumenical_altar_rust
D:2:      layout_loops_corners, minmay_misc_feat_nine_boxes, uniq_sigmund,
          uniq_jessica, uniq_crazy_yiuf_cottage

Skill      XL: |  1 |
---------------+----+-----
Transmutations | 2 |  2.0
Fighting       | |  0.2
Short Blades   | |  0.2
Long Blades    | |  0.2
Axes           | |  0.2
Maces & Flails | |  0.2
Polearms       | |  0.2
Staves         | |  0.2
Slings         | |  0.2
Bows           | |  0.2
Crossbows      | |  0.2
Throwing       | |  2.4
Armour         | |  0.2
Dodging        | |  0.2
Stealth        | |  0.2
Shields        | |  0.2
Unarmed Combat | |  0.2
Spellcasting   | |  4.9
Conjurations   | |  0.1
Hexes          | |  0.1
Summonings     | |  5.3
Necromancy     | |  0.1
Translocations | |  3.6
Fire Magic     | |  0.1
Ice Magic      | |  0.1
Air Magic      | |  0.1
Earth Magic    | |  0.1
Poison Magic   | |  0.1
Invocations    | |  0.3
Evocations     | |  2.4

Action                   || total
-------------------------++-------
Melee: Dagger            ||    31
       Club              ||     1
 Fire: Hunting sling     ||     2
Throw: Stone             ||    19
Armor: Robe              ||     3
Dodge: Dodged            ||    26
